 Dungeon Crawl Stone Soup version 0.28-a0-1447-ga5a8893891 (webtiles) character file.

Game seed: 14773435942577117184

2608 Strat the Conjurer (level 9, -3/65 HPs)
             Began as a Human Hedge Wizard on Jan 11, 2022.
             Was a Believer of Dithmenos.
             Slain by a troll (9 damage)
             ... on level 9 of the Dungeon.
             The game lasted 00:29:35 (11982 turns).

Strat the Conjurer (Human Hedge Wizard)            Turns: 11982, Time: 00:29:37

Health: -3/65      AC:  6    Str: 12    XL:     9   Next: 90%
Magic:  4/16       EV: 18    Int: 17    God:    Dithmenos [**....]
Gold:   428        SH:  0    Dex: 13    Spells: 0/18 levels left

rFire   + . .      SeeInvis .   a - +1 short sword (elec)
rCold   . . .      Faith    .   (no shield)
rNeg    . . .      Spirit   .   g - +2 robe {rF+}
rPois   .          Reflect  .   c - +0 hat
rElec   .          Harm     .   (no cloak)
rCorr   .          Rampage  .   n - +1 pair of gloves
Will    +....                   (no boots)
Stlth   +.........              (no amulet)
HPRegen 0.20/turn               s - ring of willpower
MPRegen 0.15/turn               z - +4 ring of evasion

@: confused, wreathed by umbra
A: no striking features
a: Renounce Religion, Shadow Step


You were on level 9 of the Dungeon.
You worshipped Dithmenos.
Dithmenos was pleased with you.
You visited 1 branch of the dungeon, and saw 9 of its levels.

You collected 428 gold pieces.

Inventory:

Hand Weapons
 a - a +1 short sword of electrocution (weapon)
 b - a +0 hunting sling
 D - the +4 short sword "Vodoxitu" {flame, rC+ Will+ Str+2}
   (You found it on level 7 of the Dungeon)

   It burns those it strikes, dealing additional fire damage.
   Str:       It affects your strength (+2).
   rC:        It protects you from cold.
   Will:      It increases your willpower.
Missiles
 e - 290 stones
 j - 71 sling bullets
 x - 2 atropa-tipped darts
 y - 23 poisoned darts
Armour
 c - a +0 hat (worn)
 g - a +2 robe of fire resistance (worn)
 l - an orb of energy
 n - a +1 pair of gloves (worn)
 G - a +2 robe of the Archmagi
Magical Staves
 p - a staff of fire
Jewellery
 o - a ring of resist corrosion
 s - a ring of willpower (left hand)
 z - a +4 ring of evasion (right hand)
 A - a +6 ring of strength
Wands
 m - a wand of polymorph (11)
 u - a wand of flame (25)
Scrolls
 i - 2 scrolls of teleportation
 r - a scroll of fog
Potions
 d - a potion of might
 f - 4 potions of curing
 h - a potion of lignification
 k - a potion of mutation
 q - a potion of flight
 t - 2 potions of magic
 v - a potion of haste
 w - a potion of brilliance
 B - a potion of heal wounds
 E - a potion of degeneration {unknown}
 F - a potion of attraction {unknown}


   Skills:
 + Level 3.8 Fighting
 - Level 6.0 Dodging
 - Level 2.0 Stealth
 - Level 5.0 Spellcasting
 + Level 6.5 Conjurations
 - Level 6.0 Summonings
 - Level 1.0 Translocations
 - Level 2.0 Air Magic
 - Level 3.0 Poison Magic


You couldn't memorise any spells.
You knew the following spells:

 Your Spells              Type           Power      Damage    Failure   Level
a - Magic Dart            Conj           100%       1d8       1%          1
b - Call Imp              Summ           24%        N/A       1%          2
c - Blink                 Tloc           14%        N/A       14%         2
d - Conjure Flame         Conj/Fire      15%        6-21      11%         3
e - Mephitic Cloud        Conj/Pois/Air  17%        N/A       9%          3
f - Call Canine Familiar  Summ           24%        N/A       3%          3
g - Passage of Golubria   Tloc           7%         N/A       67%         4

Your spell library contained the following spells:

 Spells                   Type           Power      Damage    Failure   Level
 Slow                     Hex            16%        N/A       14%         1
 Portal Projectile        Hex/Tloc       10%        N/A       34%         3
 Leda's Liquefaction      Hex/Erth       2%         N/A       80%         4
 Silence                  Hex/Air        3%         N/A       95%         5
 Conjure Ball Lightning   Conj/Air       9%         3x3d6     98%         6
 Discord                  Hex            2%         N/A       100%        8
 Disjunction              Tloc           3%         N/A       100%        8
 Lehudib's Crystal Spear  Conj/Erth      7%         10d3      100%        8


Dungeon Overview and Level Annotations

Branches:
Dungeon (9/15)             Temple (0/1) D:4
   Lair: D:8-11         Orc: D:9-12

Altars:
Cheibriados
Dithmenos
Hepliaklqana
Nemelex Xobeh
Qazlal
Trog
Wu Jian
Yredelemnul
Zin
Beogh

Annotations:
D:2 1 runed translucent door, Crazy Yiuf
D:6 3 runed translucent doors, Vomitron's ghost, novice DsGl


Message History

Casting: Blink (safe; 14% risk of failure)
Confirm with . or Enter, or press ? or * to list all spells.
Aiming: Mephitic Cloud (dangerous; 9% risk of failure)
Press: ? - help, Shift-Dir - straight line, f - troll
Aim: a troll (lightly wounded, ally target, umbra, chance to affect: 67%) That beam is likely to hit you.
Continue anyway?
The ball explodes into a vile cloud!
The stinking cloud engulfs the troll but does no damage.
The troll is lightly wounded.
The stinking cloud engulfs you but does no damage.
You are engulfed in noxious fumes.
You choke on the stench!
You are confused.
* * * LOW HITPOINT WARNING * * *
Your hound is engulfed in noxious fumes.
Your hound appears confused.
You are engulfed in noxious fumes.
You choke on the stench!
You are more confused.
* * * LOW HITPOINT WARNING * * *
The troll is engulfed in noxious fumes.
The troll bites you!
* * * LOW HITPOINT WARNING * * *
The troll claws you but does no damage. The troll closely misses you.
Your white imp closely misses the troll.
Your hound is engulfed in noxious fumes.
Your hound closely misses the troll.
You feel stable enough to blink again.
The troll is engulfed in noxious fumes.
The troll appears confused.
Your hound is engulfed in noxious fumes.
Your hound appears confused.
Your hound bites the troll.
Your white imp gestures at the troll.
The puff of frost hits the troll!
You're too confused to move!
You hit the troll. Lightning courses through the troll!
The troll is severely wounded.
Your hound is engulfed in noxious fumes.
Your hound appears confused.
The troll bites you!
* * * LOW HITPOINT WARNING * * *
The troll misses you. The troll claws you!
You die...

##########
.........################
.........##.............#
................h.......#
.........#.......○......#
.........#..............#
.........##....@T5......+
.........##..(..<......>#
.........#####'##########
########## #.#####
#)....#### #####....#
####.# #'# ..<.......#


You could see a troll (confused, ally target), a friendly hound (summoned,
confused) and a friendly white imp (summoned).

Vanquished Creatures
  A steam dragon (D:7)
  A water moccasin (D:7)
  2 sky beasts
  A black bear (D:8)
  2 orc warriors
  2 ogres
  A centaur (D:8)
  2 phantoms (D:6)
  A kobold brigand (D:7)
  A scorpion (D:7)
  A wyvern skeleton (D:7)
  A water moccasin skeleton (D:4)
  3 wights
  2 bullfrog zombies
  A centaur zombie (D:9)
  A hound (D:4)
  2 orc priests
  A centaur skeleton (D:7)
  A gnoll shaman (D:6)
  2 bullfrog skeletons
  Terence (D:2)
  2 iguanas
  5 orc wizards
  2 hound skeletons
  A howler monkey zombie (D:6)
  5 gnolls (D:6)
  5 adders
  A shadow imp (D:6)
  3 white imps
  3 ufetubi
  A worm (D:2)
  5 dart slugs
  24 orcs
  9 ball pythons
  6 endoplasms
  A giant cockroach (D:1)
  4 goblins
  5 hobgoblins
  A jackal (D:3)
  3 quokkas
  3 bats
  2 frilled lizards
  12 kobolds
  5 rats
138 creatures vanquished.

Vanquished Creatures (collateral kills)
  An ogre (D:5)
  2 bullfrogs
  A howler monkey (D:5)
  A jelly (D:6)
  An iguana (D:4)
  An orc wizard (D:8)
  3 adders
  An orc (D:5)
  2 bats
  2 goblins
  4 jackals
  A kobold (D:1)
  A quokka (D:1)
21 creatures vanquished.

Grand Total: 159 creatures vanquished

Notes
Turn   | Place    | Note
-------+----------+-------------------------------------------
     0 | D:1      | Strat the Human Hedge Wizard began the quest for the Orb.
     0 | D:1      | Reached XP level 1. HP: 13/13 MP: 4/4
   185 | D:1      | Reached XP level 2. HP: 12/19 MP: 6/6
   301 | D:1      | Learned a level 2 spell: Call Imp
   304 | D:1      | Learned a level 2 spell: Blink
  1036 | D:1      | Reached XP level 3. HP: 15/24 MP: 2/7
  1204 | D:1      | Found a faded altar of an unknown god.
  1606 | D:2      | Found a runed translucent door.
  1607 | D:2      | Noticed Crazy Yiuf
  1815 | D:2      | Found a basalt altar of Yredelemnul.
  1926 | D:2      | Reached XP level 4. HP: 30/30 MP: 8/8
  1930 | D:2      | Learned a level 3 spell: Conjure Flame
  2047 | D:2      | Noticed Terence
  2075 | D:2      | Killed Terence
  2253 | D:2      | Identified the +1 spear of Conscience {distort, rN+++ rCorr
                  | Str-2 Int-4}
  2931 | D:3      | Found a bloodstained altar of Trog.
  2952 | D:3      | Reached XP level 5. HP: 32/35 MP: 6/9
  3988 | D:3      | Found a hazy altar of Hepliaklqana.
  3988 | D:3      | Found a shadowy altar of Dithmenos.
  3988 | D:3      | Found a stormy altar of Qazlal.
  3988 | D:3      | Found a snail-covered altar of Cheibriados.
  3989 | D:3      | Found a sparkling altar of Nemelex Xobeh.
  3991 | D:3      | Found an ornate altar of the Wu Jian Council.
  3992 | D:3      | Found a basalt altar of Yredelemnul.
  4028 | D:3      | Became a worshipper of Dithmenos the Shadowed
  4294 | D:4      | Found a staircase to the Ecumenical Temple.
  4364 | D:4      | Reached XP level 6. HP: 18/41 MP: 7/11
  5006 | D:4      | Found a glowing silver altar of Zin.
  5409 | D:5      | Entered Level 5 of the Dungeon
  5455 | D:5      | Noticed an ogre
  5552 | D:5      | Learned a level 3 spell: Mephitic Cloud
  5700 | D:5      | Noticed an ogre
  5714 | D:5      | Killed an ogre
  5715 | D:5      | Reached skill level 1 in Poison Magic
  5715 | D:5      | Reached XP level 7. HP: 46/46 MP: 6/13
  5988 | D:5      | Reached skill level 5 in Conjurations
  6674 | D:5      | Reached skill level 5 in Spellcasting
  6674 | D:5      | Reached skill level 1 in Air Magic
  7150 | D:6      | Reached XP level 8. HP: 52/52 MP: 11/15
  7255 | D:6      | Reached * piety under Dithmenos
  7264 | D:6      | Reached skill level 1 in Fighting
  7382 | D:6      | HP: 2/56 [something (5)]
  7691 | D:6      | Learned a level 3 spell: Call Canine Familiar
  8144 | D:6      | Noticed Vomitron's ghost (novice DsGl)
  8147 | D:6      | Found a runed translucent gate.
  8147 | D:6      | Found a runed translucent gate.
  8148 | D:6      | Found a runed translucent gate.
  8550 | D:7      | Identified the +4 short sword "Vodoxitu" {flame, rC+ Will+
                  | Str+2}
  8567 | D:7      | Reached XP level 9. HP: 63/63 MP: 11/16
  9255 | D:7      | Reached skill level 5 in Summonings
  9413 | D:7      | Reached skill level 5 in Dodging
  9415 | D:7      | Identified the +1 robe "Ynimuck" {rF+ Regen+ Dex-2}
  9558 | D:7      | Learned a level 4 spell: Passage of Golubria
 10244 | D:8      | Noticed a two-headed ogre
 11442 | D:8      | Reached ** piety under Dithmenos
 11952 | D:9      | Noticed a troll
 11982 | D:9      | Slain by a troll

Illustrated notes

Levels and vault maps discovered:
D:1:      matt_arrival_diagonals, layout_rooms,
          hellmonk_ecumenical_altar_lost_god
D:2:      layout_loops_ring, basic_altar, uniq_terence, uniq_crazy_yiuf_cottage
D:3:      layout_basic, minitemple, nicolae_concentric_dashed_squares_wild,
          minivault_27, moated_statue, lemuel_another_geyser
D:4:      layout_cave_pools, mainiacjoe_overflow_surrounded_room,
          minmay_temple_entry_mini_moons
D:5:      layout_basic
D:6:      layout_loops_ring, biasface_ghost_orc_armoury
D:7:      layout_basic
D:8:      layout_loops_corners, dk_noncrumbling_3
D:9:      layout_roguey, kennysheep_little_box,
          nicolae_gozag_conspicuous_consumption,
          hangedman_abyss_or_decor_stagger

Skill      XL: |  1  2  3  4  5  6  7  8  9 |
---------------+----------------------------+-----
Conjurations   | 2 3 4 5 6 |  6.5
Summonings     | 2 3 4 6 |  6.0
Spellcasting   | 4 5 |  5.0
Poison Magic   | 1 2 3 |  3.0
Air Magic      | 1 2 |  2.0
Fighting       | 3 |  3.8
Dodging        | 3 6 |  6.0
Stealth        | |  2.0
Translocations | |  1.0

Action                   |  1- 3 |  4- 6 |  7- 9 || total
-------------------------+-------+-------+-------++-------
Melee: Dagger            |    46 |       |       ||    46
       Short sword       |    25 |    90 |   343 ||   458
       Punch             |       |     2 |     6 ||     8
 Fire: Hunting sling     |       |     7 |       ||     7
 Cast: Magic Dart        |    31 |    46 |    27 ||   104
       Call Imp          |    14 |    24 |    18 ||    56
       Mephitic Cloud    |       |     1 |    29 ||    30
       Blink             |       |       |     1 ||     1
       Call Canine Famil |       |       |     1 ||     1
Evoke: Wand              |       |       |     8 ||     8
  Use: Scroll            |       |    10 |     7 ||    17
       Potion            |       |       |     1 ||     1
 Stab: Sleeping          |     2 |     3 |       ||     5
       Distracted        |       |     1 |       ||     1
       Confused          |       |       |    13 ||    13
Armor: Robe              |    28 |    20 |    82 ||   130
Dodge: Dodged            |    59 |    76 |   309 ||   444

Table legend: (Time is in decaauts)
 A = Elapsed time spent in this place.
 B = Non-inter-level travel time spent in this place.
 C = Inter-level travel time spent in this place.
 D = Time resting spent in this place.
 E = Time spent auto-exploring this place.
 F = Levels seen in this place.
 G = Mean time per level.
                   A        B        C        D        E       F      G
               +--------+--------+--------+--------+--------+-----+--------+
         Total |  12037 |  11486 |    551 |   2895 |   5811 |   9 | 1337.4 |
       Dungeon |  12037 |  11486 |    551 |   2895 |   5811 |   9 | 1337.4 |
               +--------+--------+--------+--------+--------+-----+--------+

Top non-repeatable levels by time:
     D:7: 2110 daAuts
     D:6: 1673 daAuts
     D:1: 1555 daAuts
     D:3: 1452 daAuts
     D:5: 1378 daAuts
     D:4: 1311 daAuts
     D:8: 1190 daAuts
     D:2: 1177 daAuts
     D:9: 187 daAuts
